 Dungeon Crawl Stone Soup version 0.18.1-8-gdd0e5ea (webtiles) character file.

86 Metae the Caller (level 4, -36/24 HPs)
             Began as a Deep Elf Summoner on June 10, 2016.
             Killed from afar by Robin (38 damage)
             ... with an exploding inner flame
             ... hexed by the player character
             ... on level 3 of the Dungeon.
             The game lasted 00:24:59 (2803 turns).

Metae the Caller (Deep Elf Summoner)                Turns: 2803, Time: 00:25:00

Health: -36/24     AC:  5    Str:  4 (5)  XL:     4   Next: 26%
Magic:  2/12       EV: 13    Int: 18 (21) God:
Gold:   50         SH:  0    Dex: 12 (15) Spells: 4 memorised, 2 levels left

rFire  . . .     SeeInvis .     (no weapon)
rCold  . . .     Gourm    .     a - +0 robe
rNeg   . . .     Faith    .     (no shield)
rPois  .         Spirit   .     (no helmet)
rElec  .         Dismiss  .     (no cloak)
rCorr  .         Reflect  .     j - +0 pair of gloves
SustAt .         Harm     .     d - +1 pair of boots
MR     .....                    (no amulet)
Stlth  ++........               (no ring)
                                g - ring of flight

@: not resistant to hostile enchantments, unstealthy
A: no striking features
a: Evoke Flight


You were on level 3 of the Dungeon.
You were not hungry.

You visited 1 branch of the dungeon, and saw 3 of its levels.

You collected 50 gold pieces.

Inventory:

Hand Weapons
 s - a +0 dagger of venom
Armour
 a - a +0 robe (worn)
 d - a +1 pair of boots (worn)
 j - a +0 pair of gloves (worn)
Jewellery
 g - a ring of flight (left hand)
 l - a cursed ring of ice {unknown}
 v - an uncursed ring of wizardry {unknown}
Scrolls
 h - 2 scrolls of teleportation {unknown}
 i - 2 scrolls of identify {unknown}
 n - a scroll of enchant armour
 o - a scroll of magic mapping
 r - a scroll of fog {unknown}
 u - a scroll of remove curse {unknown}
Potions
 p - a potion of cure mutation {unknown}
 t - a potion of ambrosia {unknown}
Books
 b - a book of Callings

   Spells                             Type                      Level
   a - Summon Small Mammal            Summoning                    1
   b - Call Imp                       Summoning                    2
   c - Call Canine Familiar           Summoning                    3
   d - Summon Guardian Golem          Hexes/Summoning              3
   e - Summon Lightning Spire         Summoning/Air                4
   f - Summon Ice Beast               Ice/Summoning                4
 w - a book of Spatial Translocations

   Spells                             Type                      Level
   a - Apportation                    Translocation                1
   b - Blink                          Translocation                2
   c - Shroud of Golubria             Charms/Translocation         2
   d - Portal Projectile              Translocation                3
   e - Teleport Other                 Translocation                3
   f - Passage of Golubria            Translocation                4
Comestibles
 c - 2 bread rations
 k - 9 chunks of flesh
 m - a meat ration
 q - 3 fruits
 x - a royal jelly


   Skills:
 * Level 3.5 Dodging
 + Level 3.0 Stealth
 * Level 4.1 Spellcasting
 * Level 5.1 Summonings


You had 2 spell levels left.
You knew the following spells:

 Your Spells              Type           Power        Failure   Level  Hunger
a - Summon Small Mammal   Summ           ###.         1%          1    None
b - Call Imp              Summ           ###.....     2%          2    ##.....
c - Call Canine Familiar  Summ           ###.....     6%          3    ###....
d - Summon Guardian Gole  Hex/Summ       ##......     17%         3    ###....


Dungeon Overview and Level Annotations

Branches:
Dungeon (3/15)

Altars:


Message History

Your crimson imp hits Robin but does no damage. x2
Casting: Call Imp
Confirm with . or Enter, or press ? or * to list all spells.
A beastly little devil appears in a puff of flame.
Robin misses you.
Your crimson imp hits Robin.
Your crimson imp hits Robin but does no damage.
Unknown command.
Something hits your crimson imp. Robin barely misses your crimson imp.
Your crimson imp hits Robin.
Your crimson imp barely misses Robin.
Your crimson imp completely misses Robin.
Something hits your crimson imp.
Your crimson imp blinks!
Your crimson imp hits Robin.
Robin explodes!
The fiery explosion engulfs your crimson imp.
Your crimson imp completely resists.
Your crimson imp is lightly wounded.
The fiery explosion engulfs you!
Ouch! That really hurt!
You die...

########## #######........#
#.....)..)5ยง5..###########
#.#.###)###.#............#
#.#,#g....#@#.#..........#
#.###.#5#.###............###
#.....8.....................
#.###.#.#.###.#..........###
#.#r85#.#...#...>...........
#.#o###.###.#h.#.###.#######
#..o...........#.#...#
###...######.###.#.### #h.##
#.#.....#


You could see 2 friendly crimson imps.

Vanquished Creatures (collateral kills)
  An orc priest (D:3)
  4 adders (D:2)
  A worm (D:2)
  2 dart slugs
  A giant gecko (D:2)
  5 orcs (D:3)
  3 bats
  7 giant cockroaches
  13 goblins
  11 hobgoblins
  8 jackals
  A ball python (D:2)
  3 giant newts
  3 kobolds (D:2)
  6 rats
69 creatures vanquished.

Notes
Turn   | Place    | Note
--------------------------------------------------------------
     0 | D:1      | Metae the Deep Elf Summoner began the quest for the Orb.
     0 | D:1      | Reached XP level 1. HP: 10/10 MP: 6/6
   311 | D:1      | Reached XP level 2. HP: 15/15 MP: 6/8
   318 | D:1      | Learned a level 2 spell: Call Imp
  1403 | D:2      | Reached XP level 3. HP: 19/19 MP: 7/9
  1605 | D:2      | Learned a level 3 spell: Call Canine Familiar
  1615 | D:2      | Learned a level 3 spell: Summon Guardian Golem
  2614 | D:3      | Reached skill level 5 in Summonings
  2707 | D:3      | Noticed Robin
  2771 | D:3      | Reached XP level 4. HP: 14/24 MP: 9/12
  2803 | D:3      | Killed Robin
  2803 | D:3      | Killed from afar by Robin

Skill      XL: |  1  2  3  4 |
---------------+-------------+-----
Dodging        | 3 |  3.5
Spellcasting   | 4 |  4.1
Summonings     | 5 |  5.1
Stealth        | 3 |  3.0

Action                   |  1- 3 |  4- 6 || total
-------------------------+-------+-------++-------
Melee: Unarmed           |     7 |     1 ||     8
 Cast: Summon Small Mamm |    30 |       ||    30
       Call Imp          |    25 |     3 ||    28
       Call Canine Famil |     6 |       ||     6
       Summon Guardian G |     4 |     2 ||     6
  Use: Scroll            |     2 |     1 ||     3
       Potion            |       |     1 ||     1
  Eat: Chunk             |     5 |       ||     5
       Bread ration      |     1 |       ||     1
Armor: Robe              |    18 |     1 ||    19
Dodge: Dodged            |    75 |     1 ||    76
